TOP OF THE 1ST |
Jackson Generals batting - Pitching for Chattanooga Lookouts : RHP Willie Perez
|
Pitching: RHP Willie Perez
|
|
Batting: LHB Caleb Domino
|
0-0: Ground out 4-3 (Groundball, 4, EV 101.2 MPH)
|
Batting: RHB Eddie LaRose
|
0-0: Ball 1-0: Ball 2-0: Ball 3-0: Called Strike 3-1: Fly out, F8 (Flyball, 8LS, EV 94.4 MPH)
|
Batting: RHB Ivan Colon
|
0-0: Called Strike 0-1: Ball 1-1: Called Strike 1-2: Ball 2-2: Ground out 6-3 (Groundball, 6, EV 81.9 MPH)
|
Top of the 1st over - 0 runs, 0 hits, 0 errors, 0 left on base; Jackson 0 - Chattanooga 0 |
BOTTOM OF THE 1ST |
Chattanooga Lookouts batting - Pitching for Jackson Generals : RHP Dwain Ashford
|
Pitching: RHP Dwain Ashford
|
|
Batting: RHB Mike Craver
|
0-0: SINGLE (Groundball, 6D, EV 98.8 MPH)
|
Batting: LHB Israel Montoya
|
0-0: Called Strike 0-1: Foul Ball, location: 2F 0-2: Foul Ball, location: 2F 0-2: Ball 1-2: Strikes out looking
|
Batting: LHB Jim Pankratz
|
0-0: Ball 1-0: Ball 2-0: DOUBLE (Line Drive, 89D, EV 105.6 MPH) Mike Craver to third Runner from 3rd tries for Home, SAFE, throw by RF to home
|
Batting: RHB Matt Dunn
|
0-0: Ball Jim Pankratz steals 3rd base 1-0: SINGLE (Groundball, 34D, EV 96.2 MPH) Jim Pankratz scores
|
Batting: LHB Matt Robertson
|
0-0: Ball 1-0: Ball 2-0: Ball 3-0: Base on Balls Matt Dunn to second
|
Batting: RHB Isaiah Easter
|
0-0: Ball Matt Dunn steals 3rd base (no throw) 1-0: Fly out, F6 (Flyball, 56D, EV 82.5 MPH)
|
Batting: RHB Julian de Reus
|
0-0: Ball 1-0: Called Strike 1-1: Ball 2-1: Foul Ball, location: 2F 2-2: Foul Ball, location: 2F 2-2: Ball 3-2: Strikes out swinging
|
Bottom of the 1st over - 2 runs, 3 hits, 0 errors, 2 left on base; Jackson 0 - Chattanooga 2 |
TOP OF THE 2ND |
Jackson Generals batting - Pitching for Chattanooga Lookouts : RHP Willie Perez
|
Batting: LHB Cliff Thomas
|
0-0: Ball 1-0: Called Strike 1-1: Ball 2-1: Called Strike 2-2: Ball 3-2: SOLO HOME RUN (Line Drive, 9LD, EV 93.1 MPH), Distance : 358 ft
|
Batting: RHB Harutomi Matsubara
|
0-0: Called Strike 0-1: Ball 1-1: SINGLE (Groundball, 4MD, EV 95.6 MPH)
|
Batting: RHB Malik Brookshire
|
0-0: Foul Ball, location: 2F 0-1: Ball 1-1: Called Strike Harutomi Matsubara steals 2nd base (no throw) 1-2: Foul Ball, location: 2F 1-2: Ground out 6-3 (Groundball, 6, EV 85.0 MPH) Harutomi Matsubara to third
|
Pitching: LHP Antoine Champagne
|
|
Batting: RHB Brad Robidas
|
0-0: Ground out 5-3 (Groundball, 56S, EV 67.5 MPH) Harutomi Matsubara scores
|
Batting: RHB Rick Ellis
|
0-0: Ball 1-0: Foul Ball, location: 2F 1-1: Called Strike 1-2: Ball 2-2: Foul Ball, location: 2F 2-2: Ground out 6-3 (Groundball, 6, EV 106.2 MPH)
|
Top of the 2nd over - 2 runs, 2 hits, 0 errors, 0 left on base; Jackson 2 - Chattanooga 2 |
BOTTOM OF THE 2ND |
Chattanooga Lookouts batting - Pitching for Jackson Generals : RHP Dwain Ashford
|
Batting: RHB Bobby Blanchard
|
0-0: Called Strike 0-1: Ball 1-1: Called Strike 1-2: Fly out, F6 (Line Drive, 6, EV 65.0 MPH)
|
Batting: SHB Duri Chilemba
|
0-0: Ball 1-0: Ball 2-0: DOUBLE (Groundball, 5L, EV 107.5 MPH)
|
Batting: RHB Mike Craver
|
0-0: Foul Ball, location: 2F 0-1: Ball 1-1: Foul Ball, location: 2F 1-2: Foul Ball, location: 2F 1-2: 2-RUN HOME RUN (Flyball, 78XD, EV 112.5 MPH), Distance : 410 ft
|
Batting: LHB Israel Montoya
|
0-0: Ball 1-0: SINGLE (Line Drive, 8LS, EV 105.0 MPH)
|
Batting: LHB Jim Pankratz
|
0-0: Foul Ball, location: 2F 0-1: Called Strike Israel Montoya is caught stealing 2nd base 2-6 0-2: Strikes out swinging
|
Bottom of the 2nd over - 2 runs, 3 hits, 0 errors, 0 left on base; Jackson 2 - Chattanooga 4 |
TOP OF THE 3RD |
Jackson Generals batting - Pitching for Chattanooga Lookouts : LHP Antoine Champagne
|
Batting: RHB Bill Vives
|
0-0: Called Strike 0-1: Ball 1-1: Swinging Strike 1-2: Ball 2-2: Strikes out swinging
|
Batting: LHB Caleb Domino
|
0-0: Called Strike 0-1: Ground out 4-3 (Groundball, 34D, EV 101.2 MPH)
|
Batting: RHB Eddie LaRose
|
0-0: Ball 1-0: Foul Ball, location: 2F 1-1: Fly out, F8 (Flyball, 8RXD, EV 93.1 MPH)
|
Top of the 3rd over - 0 runs, 0 hits, 0 errors, 0 left on base; Jackson 2 - Chattanooga 4 |
BOTTOM OF THE 3RD |
Chattanooga Lookouts batting - Pitching for Jackson Generals : RHP Dwain Ashford
|
Batting: RHB Matt Dunn
|
0-0: Called Strike 0-1: Ball 1-1: Swinging Strike 1-2: Foul Ball, location: 2F 1-2: Foul Ball, location: 2F 1-2: Ground out 6-3 (Groundball, 6S, EV 84.4 MPH)
|
Batting: LHB Matt Robertson
|
0-0: Called Strike 0-1: Called Strike 0-2: Ball 1-2: SOLO HOME RUN (Flyball, 89XD, EV 99.4 MPH), Distance : 377 ft
|
Batting: RHB Isaiah Easter
|
0-0: Ground out 5-3 (Groundball, 5S, EV 77.5 MPH)
|
Batting: RHB Julian de Reus
|
0-0: SINGLE (Groundball, 4D, EV 96.2 MPH)
|
Batting: RHB Bobby Blanchard
|
0-0: Ball 1-0: Ball 2-0: Called Strike 2-1: Ball 3-1: Fielders Choice at 2nd, 6-4 (Groundball, 56, EV 90.0 MPH)
|
Bottom of the 3rd over - 1 run, 2 hits, 0 errors, 1 left on base; Jackson 2 - Chattanooga 5 |
TOP OF THE 4TH |
Jackson Generals batting - Pitching for Chattanooga Lookouts : LHP Antoine Champagne
|
Batting: RHB Ivan Colon
|
0-0: Ball 1-0: DOUBLE (Flyball, 78XD, EV 105.0 MPH)
|
Pitching: RHP Matthew Lange
|
|
Batting: LHB Cliff Thomas
|
0-0: Ball 1-0: Called Strike 1-1: Called Strike 1-2: Strikes out swinging
|
Batting: RHB Harutomi Matsubara
|
0-0: Ball 1-0: Ground out U3 (Groundball, 3, EV 87.5 MPH) Ivan Colon to third
|
Batting: RHB Malik Brookshire
|
0-0: Called Strike 0-1: Swinging Strike 0-2: Ball 1-2: Ball 2-2: Foul Ball, location: 2F 2-2: SINGLE (Groundball, 6MD, EV 106.2 MPH) Ivan Colon scores
|
Batting: RHB Brad Robidas
|
0-0: Ball Malik Brookshire steals 2nd base 1-0: Called Strike 1-1: Fly out, F9 (Flyball, 9S, EV 78.8 MPH)
|
Top of the 4th over - 1 run, 2 hits, 0 errors, 1 left on base; Jackson 3 - Chattanooga 5 |
BOTTOM OF THE 4TH |
Chattanooga Lookouts batting - Pitching for Jackson Generals : RHP Dwain Ashford
|
Pitching: RHP Kurt Loscalzo
|
|
Batting: SHB Duri Chilemba
|
0-0: Fly out, F7 (Flyball, 7LM, EV 94.4 MPH)
|
Batting: RHB Mike Craver
|
0-0: Ball 1-0: Called Strike 1-1: Ball 2-1: Ground out 4-3 (Groundball, 4, EV 103.8 MPH)
|
Batting: LHB Israel Montoya
|
0-0: Called Strike 0-1: Fly out, F8 (Flyball, 78D, EV 110.0 MPH)
|
Bottom of the 4th over - 0 runs, 0 hits, 0 errors, 0 left on base; Jackson 3 - Chattanooga 5 |
TOP OF THE 5TH |
Jackson Generals batting - Pitching for Chattanooga Lookouts : RHP Matthew Lange
|
Batting: RHB Rick Ellis
|
0-0: Called Strike 0-1: Swinging Strike 0-2: DOUBLE (Line Drive, 5D, EV 98.1 MPH)
|
Pitching: RHP Justin Gorden
|
|
Batting: RHB Bill Vives
|
0-0: Ball 1-0: Ball Wild Pitch! Rick Ellis to third 2-0: Ball 3-0: Base on Balls
|
Batting: LHB Caleb Domino
|
0-0: Foul Ball, location: 2F 0-1: DOUBLE (Groundball, 5L, EV 105.0 MPH) Rick Ellis scores Bill Vives to third Runner from 3rd tries for Home, SAFE, no throw by LF
|
Batting: RHB Eddie LaRose
|
0-0: Reached on error, E4 (Groundball, 4, EV 108.1 MPH) Caleb Domino to third
|
Batting: RHB Ivan Colon
|
0-0: Ball 1-0: Ball 2-0: Swinging Strike 2-1: Called Strike 2-2: Foul Ball, location: 2F 2-2: Fly out, F9 (Flyball, 89M, EV 78.1 MPH) Runner from 3rd tags up, OUT at HOME! 9-2 Eddie LaRose to second
|
Batting: LHB Cliff Thomas
|
0-0: Foul Ball, location: 2F 0-1: Ball 1-1: Ball 2-1: Ball 3-1: Foul Ball, location: 2F 3-2: Ground out 6-3 (Groundball, 4MD, EV 86.2 MPH)
|
Top of the 5th over - 2 runs, 2 hits, 1 error, 1 left on base; Jackson 5 - Chattanooga 5 |
BOTTOM OF THE 5TH |
Chattanooga Lookouts batting - Pitching for Jackson Generals : RHP Kurt Loscalzo
|
Batting: LHB Jim Pankratz
|
0-0: Ball 1-0: Foul Ball, location: 2F 1-1: Ball 2-1: Foul Ball, location: 2F 2-2: Fly out, F9 (Flyball, 9D, EV 95.0 MPH)
|
Batting: RHB Matt Dunn
|
0-0: Ball 1-0: Ball 2-0: Ball 3-0: Base on Balls
|
Batting: LHB Matt Robertson
|
0-0: Called Strike Matt Dunn steals 2nd base 0-1: Foul Ball, location: 2F 0-2: Ball 1-2: Foul Ball, location: 2F 1-2: Foul Ball, location: 2F 1-2: Ball 2-2: Foul Ball, location: 2F 2-2: Foul Ball, location: 2F 2-2: Ball 3-2: Base on Balls
|
Batting: RHB Isaiah Easter
|
0-0: Called Strike Matt Dunn steals 3rd, throwing error, E2 Matt Dunn scores Matt Robertson to third 0-1: SINGLE (Line Drive, 3D, EV 99.4 MPH) Matt Robertson scores
|
Batting: RHB Julian de Reus
|
0-0: Called Strike 0-1: Ball 1-1: Ball Isaiah Easter steals 2nd base 2-1: Called Strike 2-2: Ground out 5-3 (Groundball, 56S, EV 78.1 MPH)
|
Batting: RHB Bobby Blanchard
|
0-0: Ball 1-0: Ball 2-0: Ball 3-0: Base on Balls
|
Batting: SHB Duri Chilemba
|
0-0: Swinging Strike 0-1: Ball 1-1: Swinging Strike 1-2: DOUBLE (Flyball, 89D, EV 101.2 MPH) Isaiah Easter scores Bobby Blanchard to third Runner from 3rd tries for Home, SAFE, throw by RF to trailing runner, SAFE at third!
|
Pitching: LHP Matt Purke Jr.
|
|
Batting: RHB Mike Craver
|
0-0: Ball 1-0: Called Strike 1-1: Foul Ball, location: 2F 1-2: Ball 2-2: Fly out, F7 (Flyball, 78M, EV 82.5 MPH)
|
Bottom of the 5th over - 4 runs, 2 hits, 1 error, 1 left on base; Jackson 5 - Chattanooga 9 |
TOP OF THE 6TH |
Jackson Generals batting - Pitching for Chattanooga Lookouts : RHP Justin Gorden
|
Pitching: RHP Toshiyuki Kawashima
|
|
Batting: RHB Harutomi Matsubara
|
0-0: Fly out, F9 (Flyball, 89M, EV 86.9 MPH)
|
Batting: RHB Malik Brookshire
|
0-0: Ball 1-0: Fly out, F6 (Line Drive, 6, EV 70.6 MPH)
|
Batting: RHB Brad Robidas
|
0-0: Ball 1-0: Foul Ball, location: 2F 1-1: Ball 2-1: Ball 3-1: Base on Balls
|
Batting: RHB Rick Ellis
|
0-0: Called Strike 0-1: Foul Ball, location: 2F 0-2: Fielders Choice at 2nd, 5-4 (Groundball, 5, EV 76.9 MPH)
|
Top of the 6th over - 0 runs, 0 hits, 0 errors, 1 left on base; Jackson 5 - Chattanooga 9 |
BOTTOM OF THE 6TH |
Chattanooga Lookouts batting - Pitching for Jackson Generals : LHP Matt Purke Jr.
|
Batting: LHB Israel Montoya
|
0-0: Ground out U3 (Groundball, 3, EV 105.0 MPH)
|
Batting: LHB Jim Pankratz
|
0-0: Ball 1-0: Called Strike 1-1: Ground out 4-3 (Groundball, 4, EV 92.5 MPH)
|
Batting: RHB Matt Dunn
|
0-0: Ball 1-0: Called Strike 1-1: Ball 2-1: Ball 3-1: Base on Balls
|
Batting: LHB Matt Robertson
|
0-0: Ball 1-0: Swinging Strike 1-1: Ball 2-1: Fly out, F9 (Flyball, 9S, EV 96.2 MPH)
|
Bottom of the 6th over - 0 runs, 0 hits, 0 errors, 1 left on base; Jackson 5 - Chattanooga 9 |
TOP OF THE 7TH |
Jackson Generals batting - Pitching for Chattanooga Lookouts : RHP Toshiyuki Kawashima
|
Batting: RHB Bill Vives
|
0-0: Ball 1-0: SINGLE (Flyball, 6D, EV 86.9 MPH)
|
Batting: LHB Caleb Domino
|
0-0: Ball 1-0: Ball 2-0: Called Strike 2-1: Called Strike 2-2: Ball 3-2: Foul Ball, location: 2F 3-2: Base on Balls Bill Vives to second
|
Pitching: LHP Mark Challinor
|
|
Batting: RHB Eddie LaRose
|
0-0: Ball 1-0: Foul Ball, location: 2F 1-1: Bunt missed! 1-2: Ball 2-2: Ball 3-2: Base on Balls Bill Vives to third Caleb Domino to second
|
Batting: RHB Ivan Colon
|
0-0: Ball 1-0: Ball 2-0: GRAND SLAM HOME RUN (Flyball, 78XD, EV 100.0 MPH), Distance : 399 ft
|
Batting: LHB Cliff Thomas
|
0-0: Ball 1-0: Foul Ball, location: 2F 1-1: Foul Ball, location: 2F 1-2: Foul Ball, location: 2F 1-2: Ground out U3 (Groundball, 3, EV 105.6 MPH)
|
Batting: RHB Harutomi Matsubara
|
0-0: Ball 1-0: SINGLE (Groundball, 34D, EV 100.0 MPH)
|
Batting: RHB Malik Brookshire
|
0-0: Ball Harutomi Matsubara steals 2nd base 1-0: Ball Wild Pitch! Harutomi Matsubara to third 2-0: Called Strike 2-1: Foul Ball, location: 2F 2-2: 2-RUN HOME RUN (Flyball, 7D, EV 100.0 MPH), Distance : 381 ft
|
Pitching: LHP Moronobu Ikeda
|
|
Batting: RHB Brad Robidas
|
0-0: Foul Ball, location: 2F 0-1: Foul Ball, location: 2F 0-2: Ball 1-2: Strikes out looking
|
Batting: RHB Rick Ellis
|
0-0: Ground out 4-3 (Groundball, 4, EV 91.2 MPH)
|
Top of the 7th over - 6 runs, 4 hits, 0 errors, 0 left on base; Jackson 11 - Chattanooga 9 |
BOTTOM OF THE 7TH |
Chattanooga Lookouts batting - Pitching for Jackson Generals : LHP Matt Purke Jr.
|
Batting: RHB Isaiah Easter
|
0-0: Called Strike 0-1: Ball 1-1: Ball 2-1: Ground out 1-3 (Groundball, 15S, EV 70.6 MPH)
|
Batting: RHB Julian de Reus
|
0-0: Ground out 6-3 (Groundball, 56, EV 101.2 MPH)
|
Batting: RHB Bobby Blanchard
|
0-0: Ground out 4-3 (Groundball, 4, EV 84.4 MPH)
|
Bottom of the 7th over - 0 runs, 0 hits, 0 errors, 0 left on base; Jackson 11 - Chattanooga 9 |
TOP OF THE 8TH |
Jackson Generals batting - Pitching for Chattanooga Lookouts : LHP Moronobu Ikeda
|
Batting: RHB Bill Vives
|
0-0: DOUBLE (Groundball, 3L, EV 103.1 MPH)
|
Batting: LHB Caleb Domino
|
0-0: Ball 1-0: Called Strike 1-1: Swinging Strike 1-2: Ball 2-2: SINGLE (Line Drive, 56, EV 98.8 MPH) Bill Vives to third
|
Batting: RHB Eddie LaRose
|
0-0: Ball 1-0: Ball 2-0: Ball 3-0: Called Strike 3-1: Base on Balls Caleb Domino to second
|
Batting: RHB Ivan Colon
|
0-0: Called Strike 0-1: Ball 1-1: Ball 2-1: Ball 3-1: Base on Balls Bill Vives scores Caleb Domino to third Eddie LaRose to second
|
Batting: LHB Cliff Thomas
|
0-0: Ball 1-0: Ball 2-0: Ball 3-0: Base on Balls Caleb Domino scores Eddie LaRose to third Ivan Colon to second
|
Batting: RHB Harutomi Matsubara
|
0-0: Called Strike 0-1: Ball 1-1: Ball 2-1: Ball 3-1: Fielders Choice at 2nd, 3-6 (Groundball, 34, EV 91.9 MPH) Eddie LaRose scores Ivan Colon to third
|
Batting: RHB Malik Brookshire
|
0-0: Ball 1-0: Ball 2-0: Ball 3-0: 3-RUN HOME RUN (Flyball, 78XD, EV 105.6 MPH), Distance : 384 ft
|
Batting: RHB Brad Robidas
|
0-0: SINGLE (Line Drive, 78S, EV 105.0 MPH)
|
Batting: RHB Rick Ellis
|
0-0: Ball 1-0: Called Strike 1-1: Called Strike 1-2: Foul Ball, location: 2F 1-2: SINGLE (Line Drive, 89S, EV 93.8 MPH) Brad Robidas to second
|
Batting: RHB Bill Vives
|
0-0: 3-RUN HOME RUN (Flyball, 78XD, EV 97.5 MPH), Distance : 388 ft
|
Pitching: RHP Miguel Verduzco
|
|
Batting: LHB Caleb Domino
|
0-0: Ball 1-0: Ball 2-0: Ball 3-0: Called Strike 3-1: Base on Balls
|
Batting: RHB Eddie LaRose
|
0-0: Called Strike 0-1: Ball 1-1: Ball 2-1: Swinging Strike 2-2: Fly out, F8 (Flyball, 8LS, EV 88.1 MPH)
|
Batting: RHB Ivan Colon
|
0-0: Ball 1-0: Called Strike 1-1: Ground out 6-3 (Groundball, 6S, EV 73.8 MPH)
|
Top of the 8th over - 9 runs, 6 hits, 0 errors, 1 left on base; Jackson 20 - Chattanooga 9 |
BOTTOM OF THE 8TH |
Chattanooga Lookouts batting - Pitching for Jackson Generals : LHP Matt Purke Jr.
|
Batting: SHB Duri Chilemba
|
0-0: Fly out, F8 (Flyball, 89D, EV 103.1 MPH)
|
Batting: RHB Mike Craver
|
0-0: Foul Ball, location: 2F 0-1: Ground out 5-3 (Groundball, 56S, EV 78.8 MPH)
|
Batting: LHB Israel Montoya
|
0-0: Foul Ball, location: 2F 0-1: Foul Ball, location: 2F 0-2: Foul Ball, location: 2F 0-2: Ball 1-2: Ball 2-2: Foul Ball, location: 2F 2-2: Fly out, F8 (Flyball, 78D, EV 92.5 MPH)
|
Bottom of the 8th over - 0 runs, 0 hits, 0 errors, 0 left on base; Jackson 20 - Chattanooga 9 |
TOP OF THE 9TH |
Jackson Generals batting - Pitching for Chattanooga Lookouts : RHP Miguel Verduzco
|
Batting: LHB Cliff Thomas
|
0-0: Swinging Strike 0-1: Foul Ball, location: 2F 0-2: Ball 1-2: Hit by Pitch
|
Batting: RHB Harutomi Matsubara
|
0-0: Ball 1-0: Called Strike 1-1: Swinging Strike 1-2: Ball 2-2: DOUBLE (Line Drive, 89XD, EV 106.2 MPH) Cliff Thomas to third
|
Batting: RHB Malik Brookshire
|
0-0: Ball 1-0: Swinging Strike 1-1: Swinging Strike 1-2: Ball 2-2: Strikes out looking
|
Batting: RHB Brad Robidas
|
0-0: Ball 1-0: Ground out 3-1 (Groundball, 34S, EV 66.9 MPH) Cliff Thomas scores Harutomi Matsubara to third
|
Batting: RHB Rick Ellis
|
0-0: Foul Ball, location: 2F 0-1: Swinging Strike 0-2: Ball 1-2: Fly out, F6 (Flyball, 6D, EV 81.2 MPH)
|
Top of the 9th over - 1 run, 1 hit, 0 errors, 1 left on base; Jackson 21 - Chattanooga 9 |
BOTTOM OF THE 9TH |
Chattanooga Lookouts batting - Pitching for Jackson Generals : LHP Matt Purke Jr.
|
Batting: RHB Masaichi Tokunaga
|
0-0: SINGLE (Groundball, 6D, EV 95.6 MPH)
|
Batting: RHB Matt Dunn
|
0-0: Ball 1-0: Called Strike 1-1: Ball 2-1: Called Strike 2-2: Foul Ball, location: 2F 2-2: Ball Wild Pitch! Masaichi Tokunaga to second 3-2: Base on Balls
|
Pitching: RHP Tony Holley
|
|
Batting: LHB Matt Robertson
|
0-0: Ball 1-0: Foul Ball, location: 2F 1-1: SINGLE (Line Drive, 8LM, EV 100.0 MPH) Masaichi Tokunaga to third Matt Dunn to second
|
Batting: RHB Isaiah Easter
|
0-0: Swinging Strike 0-1: Fly out, F7 (Flyball, 7S, EV 87.5 MPH)
|
Pinch Hitting: LHB Bill Young
|
0-0: Called Strike 0-1: Fly out, F8 (Flyball, 8LM, EV 87.5 MPH)
|
Pinch Hitting: LHB Todd Beaver
|
0-0: Foul Ball, location: 2F 0-1: Fielders Choice at 2nd, U4 (Groundball, 4M, EV 86.9 MPH)
|
Bottom of the 9th over - 0 runs, 2 hits, 0 errors, 3 left on base; Jackson 21 - Chattanooga 9 |
|